 Dungeon Crawl Stone Soup version 0.29.1-1-gd02db6906a (webtiles) character file.

Game seed: 11265540904400825213

736 Huetiris the Covered (level 7, -4/61 HPs)
             Began as a Minotaur Fighter on Sept 26, 2022.
             Killed from afar by a steam dragon (16 damage)
             ... with a ball of steam
             ... on level 7 of the Dungeon on Sept 29, 2022.
             The game lasted 00:34:16 (3066 turns).

Huetiris the Covered (Minotaur Fighter)             Turns: 3066, Time: 00:34:17

Health: -4/61      AC: 12    Str: 22    XL:     7   Next: 46%
Magic:  6/6        EV:  8    Int:  5    God:
Gold:   342        SH:  4    Dex: 10    Spells: 6/6 levels left

rFire   . . .      SeeInvis .   h - +4 spear
rCold   . . .      Faith    .   c - +0 buckler
rNeg    . . .      Spirit   .   x - +3 chain mail {Will+}
rPois   .          Reflect  .   (helmet restricted)
rElec   .          Harm     .   (no cloak)
rCorr   .          Rampage  .   (no gloves)
Will    +....                   (no boots)
Stlth   ..........              (no amulet)
HPRegen 0.20/turn               (no ring)
MPRegen 0.10/turn               (no ring)

@: no status effects
A: horns 2, retaliatory headbutt
a: no special abilities


You were on level 7 of the Dungeon.
You visited 2 branches of the dungeon, and saw 6 of its levels.

You collected 342 gold pieces.

Inventory:

Hand Weapons
 a - a +0 war axe
 h - a +4 spear (weapon)
 r - a +0 vampiric whip
Missiles
 z - 6 atropa-tipped darts
Armour
 b - a +0 scale mail
 c - a +0 buckler (worn)
 l - the +1 ring mail "Panummasch" {Dex+4 SInv}
   (You found it on level 2 of the Dungeon)

   Dex:       It affects your dexterity (+4).
   SInv:      It lets you see invisible.
 q - a +0 ring mail
 u - a +0 scale mail
 x - a +3 chain mail of willpower (worn)
Magical Staves
 v - a staff of earth
Wands
 i - a wand of flame (16) (quivered)
Scrolls
 e - a scroll of amnesia {unknown}
 f - 4 scrolls of identify
 g - a scroll of enchant weapon
 m - 3 scrolls of teleportation
 n - a scroll of vulnerability {unknown}
 p - a scroll of noise {unknown}
 s - a scroll of immolation {unknown}
 t - 2 scrolls of fog {unknown}
 y - a scroll of blinking {unknown}
Potions
 d - a potion of might
 j - a potion of ambrosia
 o - a potion of curing
 w - a potion of lignification


   Skills:
 - Level 5.0 Fighting
 - Level 3.7(4.7) Axes
 - Level 4.3(5.0) Polearms
 - Level 5.4 Armour
 - Level 1.7 Dodging
 - Level 0.9 Stealth
 - Level 4.6 Shields
 + Level 3.4 Evocations


You had 6 spell levels left.
You didn't know any spells.
Your spell library was empty.

Dungeon Overview and Level Annotations

Branches:
Dungeon (7/15)             Temple (1/1) D:6

Altars:
Ashenzari
Cheibriados
Dithmenos
Fedhas
Makhleb
Nemelex Xobeh
Okawaru
Qazlal
Sif Muna
Uskayaw
Vehumet
Wu Jian
The Shining One

Shops:
D:1 (


Innate Abilities, Weirdness & Mutations

You have a pair of horns on your head.
You reflexively headbutt those who attack you in melee.


Message History

The white imp is moderately wounded.
The white imp barely misses you.
You closely miss the white imp.
The white imp is moderately wounded.
The white imp gestures at you. The puff of frost hits you!
You hit the white imp but do no damage. Your headbutt misses the white imp.
The white imp is moderately wounded.
You block the white imp's attack.
You hit the white imp.
The white imp is almost dead.
The white imp hits you but does no damage.
You barely miss the white imp.
The white imp is almost dead.
The white imp hits you but does no damage.
You closely miss the white imp.
The white imp is almost dead.
The white imp gestures at you. The puff of frost hits you!
You barely miss the white imp.
The white imp is almost dead.
You barely miss the white imp. You headbutt the white imp.
You kill the white imp!
You now have 342 gold pieces (gained 15).
i - a wand of flame (16)
There are no items here.
You see here a +0 rapier.
Found a viscous dark potion.
Found an escape hatch in the ceiling.
The steam dragon breathes steam at you. The ball of steam hits you!
* * * LOW HITPOINT WARNING * * *
Aiming: Throw Flame
Press: ? - help, Shift-Dir - straight line
Okay, then.
Unknown command.
You closely miss the steam dragon.
The steam dragon is lightly wounded.
The steam dragon breathes steam at you. The ball of steam hits you!
You die...

##............
#..........>.
##...#........
####....#........
##.....#.......... .
#..##.#.)......... #..
#.##..#.##........
#...##.##.##.##........
#.....@§§.§..##........
.#.....#D..#.###.##.####
......§.§§.##..##.##..#
...#..!#.§#####.##.###..#
######...<#..<... .##.#
#.# §.D§....(........ ..
.##.##....##..... ...
...... ...#...... ...
....##......


You could see a steam dragon (catching breath).

Vanquished Creatures
  Prince Ribbit (D:7)
  A sky beast (D:6)
  A phantom (D:6)
  A bullfrog (D:7)
  2 scorpions (D:6)
  A necrophage (D:6)
  A jelly (D:6)
  5 adders
  2 white imps
  A worm (D:3)
  2 dart slugs
  6 endoplasms
  3 giant cockroaches
  4 goblins
  4 hobgoblins (D:1)
  2 jackals (D:1)
  2 quokkas (D:1)
  4 ball pythons
  3 bats (D:2)
  2 frilled lizards
  A kobold (D:2)
  7 rats
56 creatures vanquished.

Vanquished Creatures (others)
  2 plants (D:3)
2 creatures vanquished.

Grand Total: 58 creatures vanquished

Notes
Turn   | Place    | Note
-------+----------+-------------------------------------------
     0 | D:1      | Huetiris the Minotaur Fighter began the quest for the Orb.
     0 | D:1      | Reached XP level 1. HP: 19/19 MP: 0/0
     2 | D:1      | Noticed a human
     2 | D:1      | Noticed an elf
     4 | D:1      | Noticed a merfolk
     6 | D:1      | Noticed an ogre
     6 | D:1      | Noticed a troll
     8 | D:1      | Noticed a spriggan
     8 | D:1      | Noticed a formicid
    10 | D:1      | Noticed a naga
    10 | D:1      | Noticed a draconian
    13 | D:1      | Noticed a meteoran
    13 | D:1      | Noticed a gargoyle
    15 | D:1      | Noticed an octopode
    15 | D:1      | Noticed a felid
    17 | D:1      | Noticed a palentonga
    17 | D:1      | Noticed a vine stalker
    19 | D:1      | Noticed a vampire
    19 | D:1      | Noticed a ghoul
    21 | D:1      | Noticed a minotaur
    21 | D:1      | Noticed a tengu
    23 | D:1      | Noticed a demigod
    23 | D:1      | Noticed a demonspawn
    25 | D:1      | Noticed a troll
    27 | D:1      | Noticed a vampire
    27 | D:1      | Noticed a spriggan
    87 | D:1      | Reached XP level 2. HP: 14/27 MP: 1/1
    98 | D:1      | Found Lithot's Weapon Boutique.
   152 | D:1      | Found a faded altar of an unknown god.
   787 | D:2      | Identified the +1 ring mail "Panummasch" {Dex+4 SInv}
   838 | D:2      | Reached XP level 3. HP: 33/34 MP: 2/2
  1756 | D:3      | Reached skill level 1 in Polearms
  1792 | D:3      | Reached XP level 4. HP: 41/41 MP: 3/3
  1938 | D:3      | You fall into a shaft and drop 3 floors!
  1994 | D:6      | Noticed a phantom
  2007 | D:6      | Killed a phantom
  2008 | D:6      | Reached XP level 5. HP: 45/47 MP: 4/4
  2221 | D:6      | Reached skill level 1 in Dodging
  2228 | D:6      | Found a burning altar of Makhleb.
  2256 | D:6      | Reached skill level 5 in Armour
  2256 | D:6      | Reached XP level 6. HP: 45/55 MP: 5/5
  2306 | D:6      | Found an ornate altar of the Wu Jian Council.
  2489 | D:6      | Noticed a sky beast
  2504 | D:6      | Killed a sky beast
  2505 | D:6      | Reached skill level 5 in Fighting
  2510 | D:6      | Found a staircase to the Ecumenical Temple.
  2519 | Temple   | Entered the Ecumenical Temple
  2969 | D:7      | Noticed a steam dragon
  2993 | D:7      | Noticed Prince Ribbit
  3020 | D:7      | Killed Prince Ribbit
  3021 | D:7      | Reached XP level 7. HP: 34/61 MP: 6/6
  3066 | D:7      | Killed from afar by a steam dragon

Illustrated notes

Levels and vault maps discovered:
D:1:      kb_arrival_jail, layout_basic, shapermc_ecumenical_altar_venn,
          serial_shops, shop_coins, minmay_misc_feat_nine_boxes
D:2:      layout_basic, kennysheep_boxes
D:3:      layout_rooms, zin_angel, serial_bayou, serial_bayou_pond_a,
          serial_bayou_pond_c, serial_bayou_lagoon_a, serial_bayou_lake_a
D:6:      layout_loops_ring, lightli_temple_of_fire, nzn_wu_jian_contemplation,
          temple_hall
D:7:      layout_rooms, serial_shops, shop, uniq_prince_ribbit1
Temple:   chequers_temple_sunken

Skill      XL: |  1  2  3  4  5  6  7 |
---------------+----------------------+-----
Fighting       | 4 5 |  5.0
Armour         | 4 5 |  5.4
Shields        | 4 |  4.6
Axes           | 3 |  3.7
Polearms       | 1 3 4 |  4.3
Dodging        | 1 |  1.7
Evocations     | 2 3 |  3.4
Stealth        | |  0.9

Action                   |  1- 3 |  4- 6 |  7- 9 || total
-------------------------+-------+-------+-------++-------
Melee: War axe           |    18 |       |       ||    18
       Headbutt          |    10 |    15 |     2 ||    27
       Spear             |    59 |    77 |    10 ||   146
  Use: Scroll            |     2 |     9 |       ||    11
       Potion            |       |     2 |       ||     2
Armor: Scale mail        |    11 |       |       ||    11
       Ring mail         |    16 |     9 |       ||    25
       Chain mail        |       |    24 |     2 ||    26
Dodge: Dodged            |    34 |    28 |     1 ||    63
Block: Buckler           |    18 |     8 |     1 ||    27
